 Dungeon Crawl Stone Soup version 0.22-a0-469-gf26638a71f (webtiles) character file.

653 Faustar the Cleaver (level 7, -10/61 HPs)
             Began as a Deep Dwarf Monk on June 12, 2018.
             Mangled by an ogre
             ... wielding a +0 giant club
              (24 damage)
             ... on level 4 of the Dungeon.
             The game lasted 00:04:30 (2205 turns).

Faustar the Cleaver (Deep Dwarf Monk)               Turns: 2205, Time: 00:04:30

Health: -10/61     AC: 10    Str: 17    XL:     7   Next: 28%
Magic:  7/7        EV:  8    Int: 10    God:
Gold:   174        SH:  0    Dex: 15    Spells: 6/6 levels left

rFire    . . .     SeeInvis .   a - +0 hand axe
rCold    . . .     Gourm    .   (no shield)
rNeg     + . .     Faith    .   e - +0 chain mail
rPois    .         Spirit   .   h - +1 helmet
rElec    .         Reflect  .   (no cloak)
rCorr    .         Harm     .   (no gloves)
MR       +....                  (no boots)
Stlth    ..........             (no amulet)
HPRegen  0.00/turn              f - ring of positive energy
MPRegen  0.10/turn              (no ring)

@: non-regenerating
A: damage resistance, heal wounds, sense surroundings 1, no regeneration
a: Heal Wounds


You were on level 4 of the Dungeon.
You were hungry.

You visited 1 branch of the dungeon, and saw 6 of its levels.

You collected 174 gold pieces.

Inventory:

Hand Weapons
 a - a +0 hand axe (weapon)
Armour
 b - a +0 robe
 e - a +0 chain mail (worn)
 h - a +1 helmet (worn)
Jewellery
 f - a ring of positive energy (left hand)
 i - an uncursed amulet of harm
Scrolls
 g - 3 scrolls of remove curse
 l - a scroll of enchant weapon {unknown}
 m - a scroll of amnesia {unknown}
 n - a scroll of noise {unknown}
Potions
 d - 2 potions of resistance
 p - 2 potions of haste
 q - a potion of agility
 r - a potion of flight {unknown}
 s - a potion of curing {unknown}
Comestibles
 c - 7 rations
 j - a chunk of flesh


   Skills:
 - Level 2.6 Fighting
 + Level 9.3 Axes
 - Level 3.2 Dodging
 - Level 2.4 Stealth


You had 6 spell levels left.
You didn't know any spells.
Your spell library contained the following spells:

 Spells                   Type           Power        Failure   Level  Hunger
 Animate Dead             Necr           N/A          100%        4    #####..
 Pain                     Necr           #...         100%        1    ##.....
 Animate Skeleton         Necr           N/A          100%        1    ##.....
 Vampiric Draining        Necr           #.........   100%        3    ####...
 Regeneration             Chrm/Necr      #.........   100%        3    ####...


Dungeon Overview and Level Annotations

Branches:
Dungeon (6/15)
 Temple: D:4-7

Altars:
Gozag
Nemelex Xobeh
Okawaru
Sif Muna
Yredelemnul


Innate Abilities, Weirdness & Mutations

You are resistant to damage.
You can heal yourself by infusing magical energy.
You passively map a small area around you.
You do not regenerate.


Message History

You hit the ogre.
The ogre is moderately wounded.
You hit the ogre.
The ogre is moderately wounded.
The ogre hits you with a giant club.
You hit the ogre.
The ogre is heavily wounded.
The ogre barely misses you.
You hit the ogre.
The ogre is heavily wounded.
You barely miss the ogre.
The ogre is heavily wounded.
The ogre hits you with a giant club!
* * * LOW HITPOINT WARNING * * *
You hit the ogre but do no damage.
The ogre is heavily wounded.
You hit the ogre.
The ogre is severely wounded.
The ogre hits you with a giant club!!
You die...

* ####**
.....* * ,
.....#######
...........# ,
...........# ,
......O....# *
,
.......@...###
** ,
.##..........#
#....##..)(# *
#....##....#
#..........# *
##.....#####
#.....# ,
#.....##### *
, *
*#..>........
,


You could see an ogre.

Vanquished Creatures
  Grinder (D:5)
  A sky beast (D:5)
  A centaur (D:5)
  A scorpion (D:3)
  A quasit (D:5)
  A hound (D:5)
  Terence (D:2)
  A worker ant (D:5)
  Robin (D:2)
  4 adders
  An ooze (D:4)
  An adder skeleton (D:5)
  3 worms
  2 dart slugs
  3 leopard geckos
  5 giant cockroaches
  13 goblins
  6 hobgoblins
  4 bats
  A frilled lizard (D:2)
  A jackal zombie (D:5)
  9 kobolds
  2 rats (D:1)
64 creatures vanquished.

Vanquished Creatures (others)
  A frilled lizard (D:3)
1 creature vanquished.

Grand Total: 65 creatures vanquished

Notes
Turn   | Place    | Note
-------+----------+-------------------------------------------
     0 | D:1      | Faustar the Deep Dwarf Monk began the quest for the Orb.
     0 | D:1      | Reached XP level 1. HP: 20/20 MP: 1/1
    88 | D:1      | Reached skill level 4 in Axes
    88 | D:1      | Reached XP level 2. HP: 24/27 MP: 2/2
   622 | D:2      | Noticed Terence
   658 | D:2      | Killed Terence
   658 | D:2      | Reached skill level 5 in Axes
   658 | D:2      | Reached XP level 3. HP: 18/33 MP: 3/3
   666 | D:2      | Noticed Robin
   682 | D:2      | Killed Robin
   684 | D:2      | Reached XP level 4. HP: 16/40 MP: 4/4
  1274 | D:2      | Found an opulent altar of Gozag.
  1275 | D:2      | Found a sparkling altar of Nemelex Xobeh.
  1280 | D:2      | Reached skill level 6 in Axes
  1508 | D:3      | Found an iron altar of Okawaru.
  1623 | D:3      | Reached XP level 5. HP: 25/46 MP: 5/5
  1853 | D:3      | Found a faded altar of an unknown god.
  1885 | D:3      | You fall through a shaft for 3 floors!
  1924 | D:5      | Entered Level 5 of the Dungeon
  1924 | D:5      | Noticed an ice beast
  2021 | D:5      | Noticed a centaur
  2033 | D:5      | Killed a centaur
  2033 | D:5      | Reached skill level 7 in Axes
  2033 | D:5      | Reached XP level 6. HP: 17/55 MP: 6/6
  2066 | D:5      | Noticed a sky beast
  2085 | D:5      | Killed a sky beast
  2085 | D:5      | Reached skill level 8 in Axes
  2090 | D:5      | Found a deep blue altar of Sif Muna.
  2117 | D:5      | Noticed Grinder
  2143 | D:5      | Paralysed by Grinder for 2 turns
  2159 | D:5      | Killed Grinder
  2159 | D:5      | Reached skill level 9 in Axes
  2159 | D:5      | Reached XP level 7. HP: 22/61 MP: 7/7
  2163 | D:5      | Found a basalt altar of Yredelemnul.
  2205 | D:4      | Mangled by an ogre

Vault maps used:
D:1:      dpeg_arrival_windows_large_door, minmay_misc_feat_tower
D:2:      grunt_temple_overflow_opulence, first_ration, kennysheep_cross_room,
          uniq_terence, uniq_robin
D:3:      lemuel_doored_altar, chequers_ecumenical_altar_simple,
          lemuel_flame_loot_1
D:5:      old_standard_altar, basic_altar, serial_shops, shop, uniq_grinder
D:6:      uniq_eustachio

Skill      XL: |  1  2  3  4  5  6 |
---------------+-------------------+-----
Axes           | 4 5 6 7 9 |  9.3
Fighting       | |  2.6
Dodging        | |  3.2
Stealth        | |  2.4

Action                   |  1- 3 |  4- 6 |  7- 9 || total
-------------------------+-------+-------+-------++-------
Melee: Hand axe          |    94 |   198 |    24 ||   316
 Abil: Heal Wounds       |       |     3 |     2 ||     5
  Use: Scroll            |       |     6 |       ||     6
  Eat: Chunk             |       |     4 |       ||     4
Armor: Chain mail        |    58 |   129 |     6 ||   193
       Robe              |     1 |       |       ||     1
Dodge: Dodged            |    23 |    87 |     4 ||   114

Table legend:
 A = Spawn XP
 B = Non-spawn XP
 C = Spawn XP percentage of total XP
 D = Spawn monster count
 E = Non-spawn monster count
 F = Spawn count percentage of total count
 G = Total turns spent on level
                    A         B        C        D         E        F      G
               +---------+---------+-------+---------+---------+-------+---------
         Total |       0 |     933 |   0.0 |       0 |      64 |   0.0 |  2205
               +---------+---------+-------+---------+---------+-------+---------
           D:1 |       0 |      24 |   0.0 |       0 |      13 |   0.0 |   569
           D:2 |       0 |     145 |   0.0 |       0 |      29 |   0.0 |   825
           D:3 |       0 |     100 |   0.0 |       0 |      11 |   0.0 |   491
           D:4 |       0 |       9 |   0.0 |       0 |       2 |   0.0 |    35
           D:5 |       0 |     655 |   0.0 |       0 |       9 |   0.0 |   225
               +---------+---------+-------+---------+---------+-------+---------
